Map: Prion Terraces

Players

FireCake - Winner!

  • Race: Zerg Zerg
  • League: Grandmaster

LiquidSnute (Snute)

  • Race: Zerg Zerg
  • League: Grandmaster

Event: Homestory Cup XII

VOD

Have the link to the VOD?

Description

Time

  • Played on: Dec. 20, 2015, 3:30 p.m.
  • Length: 6:51

All games in this series

Show
View Real Time Build Order
Export as new Build Order

FireCake Zerg - Winner!

Build Orders: Pool First, Zergling Baneling 

Get SALT Encoding   

  12  0:00  Drone  
  13  0:08  Drone  
  14  0:16  Overlord  
  14  0:22  Extractor  
  14  0:23  Drone  
  15  0:35  Drone x2  
  17  0:44  Spawning Pool  
  17  0:46  Drone  
  17  0:54  Drone  
  18  1:06  Extractor  
  17  1:12  Hatchery  
  17  1:16  Drone  
  17  1:18  Drone  
  18  1:30  Queen  
  18  1:31  Zergling x2  
  21  1:37  Drone  
  22  1:51  Overlord  
  22  2:08  Metabolic Boost  
  22  2:09  Queen  
  22  2:11  Zergling x4  
  26  2:21  Zergling x2  
  27  2:25  Drone  
  27  2:28  Baneling Nest  
  27  2:32  Zergling x2  
  28  2:40  Zergling x2  
  28  2:41  Zergling x6  
  32  2:48  Overlord  
  32  2:50  Zergling x2  
  33  2:58  Zergling x4  
  35  3:08  Overlord  
  35  3:09  Zergling x2  
  36  3:13  Baneling x5  
  36  3:15  Zergling x2  
  36  3:16  Zergling x4  
  39  3:20  Zergling x2  
  39  3:21  Zergling x2  
  39  3:25  Baneling  
  38  3:33  Zergling x6  
  40  3:38  Baneling  
  40  3:40  Zergling x4  
  41  3:49  Baneling x2  
  41  3:53  Zergling x10  
  44  3:58  Zergling x2  
  44  3:59  Zergling x4  
  39  4:04  Zergling x2  
  38  4:11  Drone x2  
  38  4:13  Baneling  
  38  4:14  Baneling  
  39  4:29  Drone  
  39  4:30  Drone x2, Queen  
  36  4:46  Zergling x14  
  42  4:54  Baneling x2  
  42  4:55  Baneling x2  
  42  5:00  Zergling x4  
  44  5:11  Baneling x2  
  44  5:12  Baneling  
  44  5:13  Zergling x14  
  49  5:26  Roach Warren  
  40  5:36  Drone  
  40  5:37  Drone x6  
  40  5:41  Extractor  
  46  5:46  Overlord  
  46  5:54  Hatchery  
  41  6:08  Roach x6  
  53  6:18  Zergling x6  
  56  6:20  Overlord  
  56  6:23  Zergling x4  
  56  6:24  Zergling x2  
Show
View Real Time Build Order
Export as new Build Order

LiquidSnute Zerg 

Build Orders: Pool First, Zergling Baneling 

Get SALT Encoding   

  12  0:00  Drone  
  13  0:12  Overlord  
  13  0:17  Drone  
  14  0:30  Drone x2  
  14  0:34  Drone  
  17  0:37  Extractor  
  16  0:45  Drone  
  16  0:49  Spawning Pool  
  16  0:56  Drone  
  17  1:06  Drone  
  18  1:17  Drone  
  19  1:24  Hatchery  
  18  1:27  Drone  
  19  1:36  Queen  
  21  1:43  Metabolic Boost  
  21  1:50  Overlord  
  21  1:58  Baneling Nest  
  21  2:00  Zergling x2  
  21  2:04  Zergling x2  
  22  2:11  Zergling x2  
  23  2:20  Queen  
  26  2:22  Zergling x2  
  26  2:36  Zergling x4  
  28  2:47  Zergling x4  
  28  2:48  Zergling x4  
  32  2:51  Baneling x2  
  32  2:53  Baneling x2  
  32  2:59  Queen  
  32  3:03  Baneling  
  34  3:11  Zergling x4  
  35  3:34  Overlord, Baneling x2, Queen  
  34  3:39  Roach Warren  
  34  3:41  Baneling x2  
  34  3:53  Zergling x8  
  34  3:55  Baneling  
  31  4:03  Zergling x4  
  31  4:04  Zergling x4  
  31  4:09  Zergling x4  
  36  4:15  Drone x2  
  34  4:19  Baneling  
  34  4:21  Zergling x2  
  34  4:22  Zergling x2  
  35  4:29  Baneling x2  
  35  4:30  Baneling  
  33  4:41  Zergling x8  
  32  4:47  Roach  
  32  4:52  Drone  
  34  4:57  Drone  
  34  5:00  Roach, Baneling  
  34  5:05  Drone  
  37  5:09  Roach  
  39  5:15  Queen  
  39  5:18  Baneling  
  31  5:23  Drone  
  31  5:24  Drone  
  31  5:30  Drone  
  31  5:35  Drone  
  29  5:42  Baneling  
  27  5:45  Zergling x2  
  27  5:46  Zergling x2  
  27  5:49  Zergling x2  
  30  5:58  Drone x2  
  31  6:04  Drone  
  31  6:08  Baneling x2  
  31  6:09  Baneling  
  31  6:18  Drone x2  
  31  6:21  Drone  
  31  6:23  Drone  
  35  6:32  Drone x2  
  36  6:37  Drone  
  36  6:39  Drone  
Tags
 
Add a new tag
Caveats
  • Supply blocks, unpowered buildings, or Contaminate may cause inaccurate times.
  • Supply counts are checked every 10 seconds.